AoeStats
← ajanderson120

Lombardia

510024596Analyzed
4v4 RM · 5d ago on Sep 29, 2026· 79m 8s· 8 players
Game mode
Random Map
Map size
Large (8 player)
Population
200
Speed
Normal
Resources
Standard
Victory
Conquest
Starting age
Dark Age
Ending age
Imperial Age
RankedLock teamsTeams togetherTeam positionsShared explorationLock speedFull tech treeHidden civsTurbo modeCheats
Victory
Defeat
🇺🇸 Hindustanis · United States
1310
+14
🇺🇸 Persians · United States
1260
+16
🇺🇸 Japanese · United States
1248
+16
🇺🇸 Koreans · United States
1228
+17
🇹🇼 Spanish · Taiwan
1299
-17
🇵🇰 Mongols · Pakistan
1283
-17
🇸🇪 Sicilians · Sweden
1238
-15
🇺🇸 Slavs · United States
1216
-14
ajanderson120
10:50 Feudal Age
9:06 Loom
15:31 Double-Bit Axe
15:39 Stone Mining
18:29 Castle Age
16:22 Horse Collar
17:50 Fletching
22:39 Gold Mining
25:41 Ballistics
24:45 Crossbowman
25:54 Bodkin Arrow
31:19 Thumb Ring
33:56 Gold Shaft Mining
34:55 Wheelbarrow
35:25 Bow Saw
35:26 Heavy Plow
37:17 Hand Cart
40:27 Imperial Age
37:43 Town Watch
38:53 Eupseong
39:18 Caravan
40:28 Arbalester
41:10 Bracer
42:13 Chemistry
40:59 Arrowslits
41:39 Conscription
42:14 Scale Mail Armor
42:24 Forging
42:10 Treadmill Crane
42:26 Murder Holes
44:07 Siege Engineers
44:58 Elite Fire Lancer
45:38 Squires
46:02 Chain Mail Armor
45:40 Pikeman
46:05 Arson
46:59 Iron Casting
47:31 Plate Mail Armor
47:07 Scale Barding Armor
46:47 Halberdier
49:40 Two-Man Saw
49:51 Capped Ram
50:47 Elite Skirmisher
54:48 Guilds
55:10 Coinage
54:58 Masonry
54:42 Man-at-Arms
56:20 Chain Barding Armor
55:24 Long Swordsman
57:34 Banking
57:17 Two-Handed Swordsman
61:55 Champion
63:33 Architecture
63:13 Fortified Wall
ForseenCow
7:39 Loom
10:07 Feudal Age
10:38 Double-Bit Axe
11:44 Horse Collar
16:04 Bloodlines
21:33 Castle Age
19:48 Fletching
20:09 Forging
20:41 Scale Barding Armor
24:09 Wheelbarrow
27:13 Bow Saw
28:16 Heavy Plow
28:26 Town Watch
29:17 Gold Mining
32:18 Gold Shaft Mining
35:48 Imperial Age
33:39 Husbandry
34:01 Chain Barding Armor
33:51 Forging
34:05 Forging
34:58 Caravan
36:37 Iron Casting
36:32 Heavy Camel Rider
37:57 Grand Trunk Road
39:15 Plate Barding Armor
39:40 Blast Furnace
40:08 Chemistry
39:18 Masonry
40:35 Blast Furnace
39:48 Imperial Camel Rider
40:46 Town Patrol
41:01 Hand Cart
40:54 Light Cavalry
42:12 Conscription
42:08 Hussar
44:26 Bodkin Arrow
44:37 Shatagni
47:03 Padded Archer Armor
47:03 Bracer
48:07 Leather Archer Armor
47:52 Bracer
78:17 Thumb Ring
KbzaSFC
9:32 Feudal Age
12:37 Double-Bit Axe
14:53 Castle Age
12:51 Loom
16:00 Horse Collar
16:35 Bow Saw
20:36 Heavy Plow
24:00 Wheelbarrow
24:05 Stone Mining
25:24 Scale Barding Armor
26:21 Hand Cart
25:58 Gold Mining
29:44 Imperial Age
28:12 Forging
29:47 Chain Barding Armor
29:48 Fletching
30:11 Cavalier
31:29 Iron Casting
31:56 Bloodlines
31:46 Husbandry
34:34 Plate Barding Armor
35:00 Blast Furnace
34:56 Conscription
36:30 Stone Shaft Mining
37:11 Chemistry
36:14 Elite War Elephant
38:04 Hoardings
38:30 Bodkin Arrow
39:23 Caravan
40:06 Ballistics
42:32 Kamandaran
43:06 Masonry
43:00 Crossbowman
43:46 Thumb Ring
68:04 Citadels
67:25 Sappers
68:29 Architecture
69:01 Two-Man Saw
68:32 Crop Rotation
68:39 Gold Shaft Mining
69:40 Light Cavalry
70:24 Padded Archer Armor
70:22 Hussar
Keif
7:30 Loom
10:05 Feudal Age
10:16 Man-at-Arms
10:50 Double-Bit Axe
12:39 Arson
19:12 Castle Age
18:37 Horse Collar
20:13 Bow Saw
21:55 Heavy Plow
24:39 Wheelbarrow
25:57 Stone Mining
25:57 Gold Mining
26:29 Hand Cart
27:15 Fletching
28:19 Gold Shaft Mining
28:54 Bodkin Arrow
32:51 Imperial Age
30:32 Scale Mail Armor
31:33 Chain Mail Armor
31:20 Town Watch
35:57 Plate Mail Armor
36:54 Two-Man Saw
36:20 Conscription
36:15 Caravan
36:33 Bracer
36:34 Padded Archer Armor
36:50 Elite Skirmisher
38:09 Thumb Ring
38:20 Leather Archer Armor
38:42 Yasama
41:03 Ballistics
40:43 Guard Tower
41:13 Treadmill Crane
42:47 Coinage
42:10 Pikeman
44:10 Chemistry
43:46 Keep
44:58 Ring Archer Armor
46:03 Elite Samurai
48:07 Capped Ram
48:54 Halberdier
49:35 Squires
50:47 Long Swordsman
51:12 Gambesons
51:28 Squires
51:38 Two-Handed Swordsman
53:30 Champion
55:51 Masonry
55:38 Murder Holes
56:46 Siege Engineers
61:50 Arrowslits
63:07 Forging
63:34 Banking
66:34 Iron Casting
70:07 Fortified Wall
BittenDork
7:05 Loom
11:24 Feudal Age
11:52 Double-Bit Axe
18:51 Castle Age
17:12 Bloodlines
19:49 Bow Saw
20:48 Wheelbarrow
21:41 Scale Barding Armor
23:00 Chain Barding Armor
23:26 Detinets
24:40 Horse Collar
26:33 Husbandry
27:56 Heavy Plow
32:16 Imperial Age
31:38 Forging
31:48 Gold Mining
33:04 Elite Boyar
36:00 Plate Barding Armor
37:08 Pikeman
37:49 Squires
38:48 Block Printing
42:01 Sanctity
43:03 Halberdier
47:08 Conscription
46:22 Light Cavalry
47:20 Hand Cart
57:59 Scale Mail Armor
58:35 Iron Casting
61:15 Chain Mail Armor
61:26 Druzhina
66:25 Blast Furnace
鋼彈盪單槓
6:33 Loom
9:55 Feudal Age
16:13 Castle Age
15:39 Double-Bit Axe
20:02 Horse Collar
21:20 Gold Mining
22:37 Town Watch
24:21 Wheelbarrow
27:11 Bow Saw
27:10 Heavy Plow
31:10 Husbandry
31:21 Bloodlines
35:30 Imperial Age
32:56 Light Cavalry
33:49 Scale Barding Armor
33:49 Squires
35:00 Forging
35:11 Chain Barding Armor
35:36 Elite Conquistador
36:40 Hand Cart
37:07 Iron Casting
36:57 Pikeman
37:38 Squires
38:10 Conscription
38:26 Arson
40:01 Halberdier
42:27 Hussar
43:50 Plate Barding Armor
44:16 Blast Furnace
43:18 Padded Archer Armor
45:04 Chemistry
47:11 Cavalier
48:36 Paladin
58:20 Two-Man Saw
63:15 Bombard Tower
63:16 Fletching
63:41 Leather Archer Armor
63:29 Caravan
64:52 Bodkin Arrow
65:27 Ring Archer Armor
65:39 Murder Holes
66:05 Ballistics
65:56 Masonry
67:27 Bracer
72:07 Architecture
71:23 Arrowslits
The Outpost Man
4:30 Loom
10:41 Feudal Age
11:02 Horse Collar
11:09 Double-Bit Axe
14:02 Fletching
14:15 Scale Mail Armor
19:50 Castle Age
18:22 Forging
20:24 Wheelbarrow
20:22 Fletching
21:27 Bow Saw
22:50 Arson
26:56 Gold Mining
27:01 Stone Mining
28:40 Hand Cart
29:18 Hand Cart
30:25 Heavy Plow
37:20 Imperial Age
35:29 Iron Casting
35:09 Chain Mail Armor
36:11 Pikeman
36:52 Squires
38:02 First Crusade
39:37 Blast Furnace
39:08 Plate Mail Armor
38:12 Elite Serjeant
39:12 Halberdier
39:48 Capped Ram
40:39 Caravan
42:41 Siege Ram
68:38 Onager
74:31 Siege Onager
Hamid9514
7:50 Loom
10:12 Feudal Age
12:36 Horse Collar
12:43 Double-Bit Axe
14:19 Forging
22:50 Castle Age
21:15 Fletching
21:20 Stone Mining
28:08 Bodkin Arrow
31:01 Wheelbarrow
33:57 Imperial Age
32:09 Stone Shaft Mining
31:26 Gold Mining
32:24 Padded Archer Armor
33:25 Bow Saw
33:54 Husbandry
34:05 Bloodlines
35:27 Bracer
36:13 Ballistics
36:53 Chemistry
36:56 Elite Mangudai
39:25 Iron Casting
38:55 Scale Barding Armor
39:21 Leather Archer Armor
39:22 Light Cavalry
40:39 Scale Barding Armor
42:06 Drill
42:51 Chain Barding Armor
42:13 Capped Ram
44:05 Gold Shaft Mining
45:57 Blast Furnace
44:19 Hussar
52:09 Siege Ram
53:45 Parthian Tactics
55:02 Conscription
55:42 Onager
60:36 Siege Onager
Connection lost

Rejoining the realm…

Still unreachable

The connection could not be restored.

Session expired

The server has moved on; the page needs a fresh start.